 Dungeon Crawl Stone Soup version 0.21.0-24-g2553a33 (webtiles) character file.

3713 tidbits the Martial Artist (level 10, -5/75 HPs)
             Began as a Gnoll Transmuter on Jan 21, 2018.
             Was a Priest of Cheibriados.
             Killed by nerve-wracking pain
             ... invoked by a shadow imp
              (9 damage)
             ... on level 8 of the Dungeon.
             The game lasted 00:33:20 (3110 turns).

tidbits the Martial Artist (Gnoll Transmuter)       Turns: 3110, Time: 00:33:21

Health: -5/75      AC:  2    Str: 20    XL:     10   Next: 14%
Magic:  6/20       EV: 27    Int: 27    God:    Cheibriados [***...]
Gold:   161        SH:  0    Dex: 29    Spells: 8/23 levels left

rFire    . . .     SeeInvis .     - Unarmed
rCold    . . .     Gourm    .   (shield currently unavailable)
rNeg     . . .     Faith    .   (armour currently unavailable)
rPois    x         Spirit   .   (helmet currently unavailable)
rElec    .         Reflect  .   (cloak currently unavailable)
rCorr    .         Harm     .   (gloves currently unavailable)
MR       .....                  (boots currently unavailable)
Stlth    +++.......             (no amulet)
HPRegen  0.22/turn              (no ring)
MPRegen  0.17/turn              (no ring)

@: spider-form, drained, very slow
A: tiny, distributed training, strong nose
a: End Transformation, Bend Time, Temporal Distortion, Renounce Religion


You were on level 8 of the Dungeon.
You worshipped Cheibriados.
Cheibriados was most pleased with you.
You were full.
You were a venomous arachnid creature.
You visited 1 branch of the dungeon, and saw 8 of its levels.
You also visited: Sewer.

You collected 350 gold pieces.
You spent 189 gold pieces at shops.

Inventory:

Hand Weapons
 d - the +7 dagger of Guile {drain, MP+9 Int-4 Stlth+}
   (You bought it in a shop on level 4 of the Dungeon)

   A truly terrible weapon, it drains the life of those it strikes.
   It affects your intelligence (-4).
   It affects your magic capacity (+9).
   It makes you more stealthy.
 J - a cursed +5 falchion of freezing (melded)
   (You took it off a wight on level 7 of the Dungeon)
 L - a cursed +1 great sword of freezing
   (You took it off a wight on level 8 of the Dungeon)
Missiles
 a - 74 arrows
 f - 25 stones (quivered)
 g - 15 tomahawks
 h - 27 bolts
 k - 3 javelins of penetration
 z - 6 javelins
Armour
 y - a +1 animal skin
 B - the +1 ring mail of Yesterday (melded) {*Drain rF++ Str+8 Stlth+}
   (You found it on level 5 of the Dungeon)

   It affects your strength (+8).
   It greatly protects you from fire.
   It causes draining when unequipped.
   It makes you more stealthy.
 C - a +0 cloak (melded)
 D - a +0 shield
 E - a +2 helmet (melded)
 F - a +0 pair of boots (melded)
 G - a +0 pair of gloves (melded)
Wands
 H - a wand of flame (27)
Scrolls
 i - a scroll of magic mapping
 j - 4 scrolls of teleportation
 l - a scroll of enchant armour {unknown}
 n - 3 scrolls of fog
 q - 2 scrolls of fear
 r - 2 scrolls of remove curse
 u - a scroll of acquirement {unknown}
 w - 2 scrolls of blinking
 M - a scroll of amnesia
Potions
 b - 3 potions of might
 p - 2 potions of flight
 s - a potion of curing
 t - 2 potions of berserk rage
 v - a potion of cancellation
Books
 c - a book of Changes

   Spells                             Type                      Level
   a - Beastly Appendage              Transmutation                1
   b - Sticks to Snakes               Transmutation                2
   c - Spider Form                    Transmutation/Poison         3
   d - Ice Form                       Ice/Transmutation            4
   e - Blade Hands                    Transmutation                5
Comestibles
 A - 4 rations


   Skills:
 + Level 5.6(4.6) Fighting
 + Level 4.9(3.9) Short Blades
 + Level 4.9(3.9) Long Blades
 + Level 4.9(3.9) Axes
 + Level 4.9(3.9) Maces & Flails
 + Level 4.9(3.9) Polearms
 + Level 4.9(3.9) Staves
 + Level 4.9(3.9) Slings
 + Level 4.9(3.9) Bows
 + Level 4.9(3.9) Crossbows
 + Level 4.9(3.9) Throwing
 + Level 4.9(3.9) Armour
 + Level 6.8(5.7) Dodging
 + Level 4.9(3.9) Stealth
 + Level 4.9(3.9) Shields
 + Level 8.3(7.2) Unarmed Combat
 + Level 7.1(6.0) Spellcasting
 + Level 4.0(3.1) Conjurations
 + Level 4.0(3.1) Hexes
 + Level 4.0(3.1) Charms
 + Level 4.0(3.1) Summonings
 + Level 4.0(3.1) Necromancy
 + Level 4.0(3.1) Translocations
 + Level 5.6(4.6) Transmutations
 + Level 4.0(3.1) Fire Magic
 + Level 4.0(3.1) Ice Magic
 + Level 4.0(3.1) Air Magic
 + Level 4.0(3.1) Earth Magic
 + Level 4.0(3.1) Poison Magic
 + Level 5.4(4.4) Invocations
 + Level 4.9(3.9) Evocations


You had 8 spell levels left.
You knew the following spells:

 Your Spells              Type           Power        Failure   Level  Hunger
e - Beastly Appendage     Tmut           ####..       4%          1    None
h - Blade Hands           Tmut           ####......   47%         5    #####..
i - Ice Form              Ice/Tmut       ####....     30%         4    ###....
k - Sticks to Snakes      Tmut           ####....     6%          2    None
p - Spider Form           Tmut/Pois      ####......   12%         3    None


Dungeon Overview and Level Annotations

Branches:
Dungeon (8/15)
 Temple: D:4-7         Lair: D:8-11

Altars:
Cheibriados
Dithmenos
Elyvilon
Trog
Vehumet
Wu Jian
Xom

Shops:
D:4 (

Annotations:
D:7 komo4ek's ghost, novice HOGl
D:8 exclusion: killer bee


Innate Abilities, Weirdness & Mutations

Your experience applies equally to all skills.
((You have very sharp teeth.))
Your uncanny sense of smell can sniff out nearby items.


Message History

Your ball python grabs the wight.
Your ball python constricts the wight.
The wight barely misses your ball python.
Your ball python bites the wight but does no damage.
Your ball python constricts the wight.
The wight misses your adder.
Your adder bites the wight but does no damage.
The wight closely misses your ball python.
Your ball python bites the wight but does no damage.
Your ball python constricts the wight.
Your adder bites the wight.
The wight barely misses your adder.
Your adder barely misses the wight.
Your ball python bites the wight but does no damage.
Your ball python constricts the wight.
Your adder bites the wight.
The wight hits your ball python with an enchanted spear!
Your ball python dies!
The wight closely misses your adder.
Your adder bites the wight.
Evoke which item? (* to show all) (? for menu, Esc to quit)
Aiming: Throw Flame
Press: ? - help, Shift-Dir - straight line, f - wight
Aim: a wight, wielding a spear and wearing a robe (severely damaged)
The puff of flame hits the wight.
You destroy the wight!
Cheibriados thoroughly appreciates the change of pace.
Your adder bites the wight but does no damage.
Your adder barely misses the wight.
The wight hits your adder but does no damage.
Your adder barely misses the wight.
Evoke which item? (* to show all) (? for menu, Esc to quit)
Aiming: Throw Flame
Press: ? - help, Shift-Dir - straight line, f/p - wight
Aim: a wight, wielding a spear and wearing a robe (severely damaged)
The puff of flame hits the wight.
You destroy the wight!
Cheibriados thoroughly appreciates the change of pace.
You swap places.
Things that are here:
an enchanted spear; a robe
Okay, then.
Your adder withers and dies!
Items here: $ ))))) ? [[[[[ ††
L - a great sword of freezing;
M - a scroll of amnesia You now have 161 gold pieces (gained 8).
Things that are here:
a club; a robe
Things that are here:
a hand axe; an orc corpse Wield which item (- for none, * to show all)? (? for menu, Esc to quit)
Okay, then.
Wield which item (- for none, * to show all)? (? for menu, Esc to quit)
Your cursed +5 falchion of freezing glows with a cold blue light!
It sticks to your hand!
J - a cursed +5 falchion of freezing (weapon)
Okay, then.
Drop what? 39/52 slots (_ for help) (? for menu, Esc to quit)
You drop a ring mail.
You drop a potion of haste.
You drop a +0 rapier.
You drop a +0 robe.
You drop a +0 helmet.
Wear which item? (? for menu, Esc to quit)
You start removing your armour.
You continue taking off your +1 helmet. x4
Your magical contamination has completely faded away.
You finish taking off your +1 helmet.
You start putting on your armour.
You continue putting on your +2 helmet. x5
You finish putting on your +2 helmet.
Adjust (i)tems, (s)pells, or (a)bilities?
Adjust which item? (? for menu, Esc to quit)
K - a +2 helmet (worn)
Adjust to which letter? (? for menu, Esc to quit)
E - a +2 helmet (worn);
K - a +1 helmet Drop what? 34/52 slots (_ for help) (? for menu, Esc to quit)
You drop a +1 helmet.
A shadow imp comes into view.
Casting: Sticks to Snakes
Confirm with . or Enter, or press ? or * to list all spells.
You turn into a venomous arachnid creature.
Your cursed +5 falchion of freezing melds into your body.
Your +0 cloak melds into your body.
Your +2 helmet melds into your body.
Your +0 pair of gloves melds into your body.
Your +0 pair of boots melds into your body.
The +1 ring mail of Yesterday {*Drain rF++ Str+8 Stlth+} melds into your body.
Your cursed +5 falchion of freezing stops glowing.
The shadow imp shouts!
Casting: Spider Form
Confirm with . or Enter, or press ? or * to list all spells.
You create a snake!
You now have 74 arrows.
The shadow imp completely misses you.
Your adder closely misses the shadow imp.
The shadow imp misses you.
Your adder bites the shadow imp.
You hit the shadow imp.
The shadow imp is moderately wounded.
Your adder withers and dies!
The shadow imp gestures at you. Pain shoots through your body!
* * * LOW HITPOINT WARNING * * *
Your adder bites the shadow imp but does no damage.
You barely miss the shadow imp.
The shadow imp is moderately wounded.
Your adder bites the shadow imp.
The shadow imp gestures at you. Pain shoots through your body!
You die...

##.............## #.#
......#............###.#
...............<....)..#
........................
.....................)..
.....##...#........##...
##...##.....)....##..##
#....S5#..###..###....#
##.....s.)## #...#......
#......[)## ##..........
..##....).# #...........
##.....##.....##....)
#............####....
#............## #..(..
.............## ##...#)
...............###..###)
...................## #.


You could see a shadow imp and a friendly adder.

Vanquished Creatures
  A two-headed ogre (D:8)
  2 hippogriffs
  Menkaure (D:5)
  An orc warrior (D:7)
  2 ice beasts
  An ogre (D:6)
  2 phantoms (D:7)
  3 centaurs
  A big kobold (D:8)
  4 bullfrogs
  A scorpion (D:6)
  9 killer bees (D:7)
  8 wights
  2 orc priests
  5 hounds
  Crazy Yiuf (D:2)
  A centaur skeleton (D:7)
  3 orc wizards
  Natasha (D:4)
  2 worker ants (D:7)
  Robin (D:2)
  3 gnolls (D:2)
  9 adders
  3 river rats (Sewer)
  2 oozes
  An adder skeleton (D:5)
  3 worms (D:3)
  A dart slug (D:2)
  4 leopard geckos
  9 orcs
  12 ball pythons
  3 bats
  4 giant cockroaches
  13 goblins
  6 hobgoblins
  9 jackals
  A quokka (D:2)
  7 frilled lizards
  11 kobolds
  20 rats
  2 fungi (D:4)
175 creatures vanquished.

Vanquished Creatures (collateral kills)
  A killer bee (D:7)
  A wight (D:8)
  2 river rats (Sewer)
  A worm (D:2)
  2 orcs
  A ball python (Sewer)
  A bat (D:2)
  A frilled lizard (Sewer)
  2 goblins (D:2)
  7 rats (Sewer)
19 creatures vanquished.

Grand Total: 194 creatures vanquished

Notes
Turn   | Place    | Note
-------+----------+-------------------------------------------
     0 | D:1      | tidbits the Gnoll Transmuter began the quest for the Orb.
     0 | D:1      | Reached XP level 1. HP: 17/17 MP: 6/6
    86 | D:1      | Reached XP level 2. HP: 8/23 MP: 5/7
    90 | D:1      | Learned a level 2 spell: Sticks to Snakes
   406 | D:3      | Reached skill level 5 in Spellcasting
   406 | D:3      | Reached XP level 3. HP: 24/28 MP: 5/9
   415 | D:3      | Learned a level 3 spell: Spider Form
   461 | D:3      | Reached skill level 1 in Invocations
   635 | D:2      | Noticed Robin
   645 | D:5      | Entered Level 5 of the Dungeon
   645 | D:5      | Found a radiant altar of Vehumet.
   679 | D:3      | Reached skill level 1 in Short Blades
   679 | D:3      | Reached skill level 1 in Long Blades
   679 | D:3      | Reached skill level 1 in Axes
   679 | D:3      | Reached skill level 1 in Maces & Flails
   679 | D:3      | Reached skill level 1 in Polearms
   679 | D:3      | Reached skill level 1 in Staves
   679 | D:3      | Reached skill level 1 in Slings
   679 | D:3      | Reached skill level 1 in Bows
   679 | D:3      | Reached skill level 1 in Crossbows
   679 | D:3      | Reached skill level 1 in Throwing
   679 | D:3      | Reached skill level 1 in Armour
   679 | D:3      | Reached skill level 1 in Stealth
   679 | D:3      | Reached skill level 1 in Shields
   679 | D:3      | Reached skill level 1 in Evocations
   681 | D:3      | Reached XP level 4. HP: 34/34 MP: 6/11
   745 | D:3      | Found a glowing drain.
   749 | Sewer    | Entered a sewer
   789 | Sewer    | Reached skill level 1 in Conjurations
   789 | Sewer    | Reached skill level 1 in Hexes
   789 | Sewer    | Reached skill level 1 in Charms
   789 | Sewer    | Reached skill level 1 in Summonings
   789 | Sewer    | Reached skill level 1 in Necromancy
   789 | Sewer    | Reached skill level 1 in Translocations
   789 | Sewer    | Reached skill level 1 in Fire Magic
   789 | Sewer    | Reached skill level 1 in Ice Magic
   789 | Sewer    | Reached skill level 1 in Air Magic
   789 | Sewer    | Reached skill level 1 in Earth Magic
   789 | Sewer    | Reached skill level 1 in Poison Magic
   842 | Sewer    | Reached XP level 5. HP: 32/40 MP: 4/12
  1002 | Sewer    | Reached skill level 3 in Fighting
  1003 | Sewer    | Reached skill level 4 in Transmutations
  1003 | Sewer    | Reached XP level 6. HP: 42/47 MP: 1/13
  1004 | Sewer    | Reached skill level 2 in Invocations
  1009 | Sewer    | Reached skill level 5 in Dodging
  1126 | D:3      | Found a white marble altar of Elyvilon.
  1155 | D:3      | Found a bloodstained altar of Trog.
  1176 | D:3      | Found a shimmering altar of Xom.
  1217 | D:3      | Found a shadowy altar of Dithmenos.
  1278 | D:2      | Found a runed door.
  1283 | D:2      | Noticed Crazy Yiuf
  1289 | D:2      | Killed Crazy Yiuf
  1289 | D:2      | Reached skill level 2 in Short Blades
  1289 | D:2      | Reached skill level 2 in Long Blades
  1289 | D:2      | Reached skill level 2 in Axes
  1289 | D:2      | Reached skill level 2 in Maces & Flails
  1289 | D:2      | Reached skill level 2 in Polearms
  1289 | D:2      | Reached skill level 2 in Staves
  1289 | D:2      | Reached skill level 2 in Slings
  1289 | D:2      | Reached skill level 2 in Bows
  1289 | D:2      | Reached skill level 2 in Crossbows
  1289 | D:2      | Reached skill level 2 in Throwing
  1289 | D:2      | Reached skill level 2 in Armour
  1289 | D:2      | Reached skill level 2 in Stealth
  1289 | D:2      | Reached skill level 2 in Shields
  1289 | D:2      | Reached skill level 2 in Evocations
  1442 | D:2      | Killed Robin
  1518 | D:5      | Reached XP level 7. HP: 52/52 MP: 11/15
  1524 | D:5      | Noticed Menkaure
  1530 | D:5      | Killed Menkaure
  1530 | D:5      | Reached skill level 7 in Unarmed Combat
  1530 | D:5      | Reached skill level 2 in Conjurations
  1530 | D:5      | Reached skill level 2 in Hexes
  1530 | D:5      | Reached skill level 2 in Charms
  1530 | D:5      | Reached skill level 2 in Summonings
  1530 | D:5      | Reached skill level 2 in Necromancy
  1530 | D:5      | Reached skill level 2 in Translocations
  1530 | D:5      | Reached skill level 2 in Fire Magic
  1530 | D:5      | Reached skill level 2 in Ice Magic
  1530 | D:5      | Reached skill level 2 in Air Magic
  1530 | D:5      | Reached skill level 2 in Earth Magic
  1530 | D:5      | Reached skill level 2 in Poison Magic
  1562 | D:5      | Got a pitted ring mail
  1573 | D:5      | Identified the +1 ring mail of Yesterday {*Drain rF++ Str+8 Stlth+} (You found it on level 5 of the Dungeon)
  1573 | D:5      | Found a snail-covered altar of Cheibriados.
  1576 | D:5      | Became a worshipper of Cheibriados the Contemplative
  1599 | D:4      | Noticed Natasha
  1609 | D:4      | Killed Natasha
  1749 | D:4      | Found Onukicut's Antique Weapon Emporium.
  1755 | D:4      | Bought an ancient dagger for 189 gold pieces
  1755 | D:4      | Identified the +7 dagger of Guile {drain, MP+9 Int-4 Stlth+} (You bought it in a shop on level 4 of the Dungeon)
  1850 | D:6      | Reached * piety under Cheibriados
  1850 | D:6      | Reached skill level 3 in Invocations
  1902 | D:6      | Reached XP level 8. HP: 55/60 MP: 10/16
  2048 | D:6      | Reached skill level 4 in Fighting
  2059 | D:6      | Found an ornate altar of the Wu Jian Council.
  2128 | D:7      | Reached skill level 3 in Short Blades
  2128 | D:7      | Reached skill level 3 in Long Blades
  2128 | D:7      | Reached skill level 3 in Axes
  2128 | D:7      | Reached skill level 3 in Maces & Flails
  2128 | D:7      | Reached skill level 3 in Polearms
  2128 | D:7      | Reached skill level 3 in Staves
  2128 | D:7      | Reached skill level 3 in Slings
  2128 | D:7      | Reached skill level 3 in Bows
  2128 | D:7      | Reached skill level 3 in Crossbows
  2128 | D:7      | Reached skill level 3 in Throwing
  2128 | D:7      | Reached skill level 3 in Armour
  2128 | D:7      | Reached skill level 3 in Stealth
  2128 | D:7      | Reached skill level 3 in Shields
  2128 | D:7      | Reached skill level 3 in Evocations
  2154 | D:7      | Reached skill level 6 in Spellcasting
  2217 | D:7      | Noticed a hippogriff
  2339 | D:7      | Reached skill level 4 in Invocations
  2360 | D:7      | Reached skill level 3 in Conjurations
  2360 | D:7      | Reached skill level 3 in Hexes
  2360 | D:7      | Reached skill level 3 in Charms
  2360 | D:7      | Reached skill level 3 in Summonings
  2360 | D:7      | Reached skill level 3 in Necromancy
  2360 | D:7      | Reached skill level 3 in Translocations
  2360 | D:7      | Reached skill level 3 in Fire Magic
  2360 | D:7      | Reached skill level 3 in Ice Magic
  2360 | D:7      | Reached skill level 3 in Air Magic
  2360 | D:7      | Reached skill level 3 in Earth Magic
  2360 | D:7      | Reached skill level 3 in Poison Magic
  2382 | D:7      | Reached XP level 9. HP: 18/66 MP: 14/18
  2388 | D:7      | Reached ** piety under Cheibriados
  2435 | D:7      | Reached skill level 6 in Dodging
  2435 | D:7      | Reached skill level 5 in Transmutations
  2443 | D:7      | Learned a level 5 spell: Blade Hands
  2448 | D:7      | Learned a level 4 spell: Ice Form
  2471 | D:7      | Noticed komo4ek's ghost (novice HOGl)
  2634 | D:7      | Reached skill level 4 in Short Blades
  2634 | D:7      | Reached skill level 4 in Long Blades
  2634 | D:7      | Reached skill level 4 in Axes
  2634 | D:7      | Reached skill level 4 in Maces & Flails
  2634 | D:7      | Reached skill level 4 in Polearms
  2634 | D:7      | Reached skill level 4 in Staves
  2634 | D:7      | Reached skill level 4 in Slings
  2634 | D:7      | Reached skill level 4 in Bows
  2634 | D:7      | Reached skill level 4 in Crossbows
  2634 | D:7      | Reached skill level 4 in Throwing
  2634 | D:7      | Reached skill level 4 in Armour
  2634 | D:7      | Reached skill level 4 in Stealth
  2634 | D:7      | Reached skill level 4 in Shields
  2634 | D:7      | Reached skill level 4 in Evocations
  2678 | D:7      | Reached skill level 5 in Fighting
  2816 | D:8      | Noticed a two-headed ogre
  2826 | D:8      | HP: 5/68 [two-headed ogre/giant club (19)]
  2864 | D:7      | Reached *** piety under Cheibriados
  3025 | D:8      | Reached skill level 8 in Unarmed Combat
  3034 | D:8      | Killed a two-headed ogre
  3034 | D:8      | Reached skill level 7 in Spellcasting
  3034 | D:8      | Reached skill level 4 in Conjurations
  3034 | D:8      | Reached skill level 4 in Hexes
  3034 | D:8      | Reached skill level 4 in Charms
  3034 | D:8      | Reached skill level 4 in Summonings
  3034 | D:8      | Reached skill level 4 in Necromancy
  3034 | D:8      | Reached skill level 4 in Translocations
  3034 | D:8      | Reached skill level 4 in Fire Magic
  3034 | D:8      | Reached skill level 4 in Ice Magic
  3034 | D:8      | Reached skill level 4 in Air Magic
  3034 | D:8      | Reached skill level 4 in Earth Magic
  3034 | D:8      | Reached skill level 4 in Poison Magic
  3034 | D:8      | Reached skill level 5 in Invocations
  3034 | D:8      | Reached XP level 10. HP: 35/74 MP: 15/20
  3071 | D:8      | HP: 7/75 [wight/spear (1)]
  3109 | D:8      | HP: 3/75 [shadow imp/nerve-wracking pain (12)]
  3110 | D:8      | Killed from afar by a shadow imp

Skill      XL: |  1  2  3  4  5  6  7  8  9 |
---------------+----------------------------+-----
Spellcasting   | 5 6 7 |  7.1
Invocations    | 1 2 3 4 5 |  5.4
Short Blades   | 1 2 3 4 |  4.9
Long Blades    | 1 2 3 4 |  4.9
Axes           | 1 2 3 4 |  4.9
Maces & Flails | 1 2 3 4 |  4.9
Polearms       | 1 2 3 4 |  4.9
Staves         | 1 2 3 4 |  4.9
Slings         | 1 2 3 4 |  4.9
Bows           | 1 2 3 4 |  4.9
Crossbows      | 1 2 3 4 |  4.9
Throwing       | 1 2 3 4 |  4.9
Armour         | 1 2 3 4 |  4.9
Stealth        | 1 2 3 4 |  4.9
Shields        | 1 2 3 4 |  4.9
Evocations     | 1 2 3 4 |  4.9
Conjurations   | 1 2 3 4 |  4.0
Hexes          | 1 2 3 4 |  4.0
Charms         | 1 2 3 4 |  4.0
Summonings     | 1 2 3 4 |  4.0
Necromancy     | 1 2 3 4 |  4.0
Translocations | 1 2 3 4 |  4.0
Fire Magic     | 1 2 3 4 |  4.0
Ice Magic      | 1 2 3 4 |  4.0
Air Magic      | 1 2 3 4 |  4.0
Earth Magic    | 1 2 3 4 |  4.0
Poison Magic   | 1 2 3 4 |  4.0
Fighting       | 3 4 5 |  5.6
Transmutations | 4 5 |  5.6
Dodging        | 5 6 |  6.8
Unarmed Combat | 7 8 |  8.3

Action                   |  1- 3 |  4- 6 |  7- 9 | 10-12 || total
-------------------------+-------+-------+-------+-------++-------
Melee: Unarmed           |    74 |   136 |   212 |    22 ||   444
       Bite              |     5 |       |     1 |       ||     6
       Headbutt          |     1 |       |       |       ||     1
       Rapier            |       |     1 |     2 |       ||     3
       Dagger            |       |       |    14 |       ||    14
 Cast: Beastly Appendage |    13 |       |       |       ||    13
       Sticks to Snakes  |     5 |     7 |    16 |     7 ||    35
       Spider Form       |     6 |    21 |    25 |     2 ||    54
       Ice Form          |       |       |     1 |       ||     1
 Abil: End Transformatio |       |     2 |       |     1 ||     3
Evoke: Wand              |       |       |     1 |     2 ||     3
  Use: Scroll            |       |     9 |     9 |       ||    18
       Potion            |       |     1 |     8 |       ||     9
 Stab: Sleeping          |     2 |     2 |    10 |       ||    14
       Distracted        |       |     1 |     4 |     1 ||     6
       Invisible         |       |       |     5 |       ||     5
  Eat: Ration            |       |     2 |     2 |       ||     4
Armor: Robe              |     6 |     3 |       |       ||     9
       Skin              |     1 |     8 |     8 |       ||    17
       Ring mail         |       |       |     6 |       ||     6
Dodge: Dodged            |    67 |   145 |   227 |    31 ||   470

Table legend:
 A = Turns spent in this place as a percentage of turns spent in the entire game.
 B = Non-inter-level travel turns spent in this place as a percentage of non-inter-level travel turns spent in the entire game.
 C = Inter-level travel turns spent in this place as a percentage of turns spent in this place.
 D = Turns resting spent in this place as a percentage of non-inter-level travel turns spent in this place.
 E = Turns spent auto-exploring this place as a percentage of non-inter-level travel turns spent in this place.
 F = Non-inter-level travel turns spent in this place divided by the number of levels of this place that you've seen.
                   A       B       C       D       E      F
               +-------+-------+-------+-------+-------+----------------------
         Total | 100.0 | 100.0 |   4.3 |   0.0 |   0.0 | 330.8
       Dungeon |  90.5 |  90.1 |   4.7 |   0.0 |   0.0 | 335.2
         Sewer |   9.5 |   9.9 |   0.0 |   0.0 |   0.0 | 295.0
               +-------+-------+-------+-------+-------+----------------------

Table legend:
 A = Kills in this place as a percentage of kills in entire the game.
 B = Kills by you in this place as a percentage of kills by you in the entire game.
 C = Kills by friends in this place as a percentage of kills by friends in the entire game.
 D = Other kills in this place as a percentage of other kills in the entire game.
 E = Experience gained in this place as a percentage of experience gained in the entire game.
 F = Experience gained in this place divided by the number of levels of this place that you have seen.
                   A       B       C       D       E      F
               +-------+-------+-------+-------+-------+----------------------
         Total | 100.0 | 100.0 | 100.0 |   N/A | 100.0 | 589.4
       Dungeon |  75.0 |  78.6 |  42.1 |   N/A |  93.8 | 621.9
         Sewer |  25.0 |  21.4 |  57.9 |   N/A |   6.2 | 330.0
               +-------+-------+-------+-------+-------+----------------------

Vault maps used:
D:1:      lightli_arrival_boilingwater, supply_closet_lemuel,
          kennysheep_nondescript
D:2:      hex_tiny, uniq_robin, uniq_crazy_yiuf_cottage
D:3:      nicolae_overflow_quartered_altars, gup_sewer_entry_spiral,
          first_ration
D:4:      serial_shops, shop, minmay_gold_behind_fungi, sigmund_army,
          uniq_grinder, uniq_natasha, uniq_edmund, uniq_ijyb, uniq_duvessa
D:5:      kennysheep_mini, nicolae_overflow_hidden_temple,
          kennysheep_little_box, minitemple, uniq_menkaure, uniq_blork_the_orc
D:6:      lemuel_crystal_altar, minmay_temple_entry_statues_fountains,
          uniq_sigmund
D:7:      grunt_ogre_cave
D:8:      makhleb_blood_cavern_becter, dpeg_oklobed_lair, lemuel_flamethrower_2,
          uniq_prince_ribbit1
Sewer:    sewer_minmay_w
